Map: Old Republic LE

Players

SAYONARA

  • Race: Zerg Zerg
  • League: Master
  • Spawn Location: 1:00

SCIInewby - Winner!

  • Race: Protoss Protoss
  • League: Master
  • Spawn Location: 7:00

VOD

Have the link to the VOD?

Description

Time

  • Played on: Feb. 10, 2026, 1:01 p.m.
  • Length: 3:14
Show
View Real Time Build Order
Export as new Build Order

SAYONARA Zerg 

Build Orders: Pool First 

Get SALT Encoding   

  12  0:04  Drone  
  13  0:18  Overlord  
  13  0:19  Drone  
  14  0:35  Spawning Pool  
  14  0:42  Drone  
  14  0:43  Drone  
  14  0:46  Drone  
  16  1:06  Drone x2  
  18  1:14  Drone  
  19  1:26  Extractor  
  19  1:27  Queen  
  20  1:35  Roach Warren  
  19  1:47  Evolution Chamber  
  19  1:50  Drone x3  
  21  2:09  Hatchery  
  20  2:18  Zergling x4  
  22  2:36  Extractor, Drone  
  22  2:40  Overlord  
Show
View Real Time Build Order
Export as new Build Order

SCIInewby Protoss - Winner!

Build Orders: Forge Fast Expand (FFE) 

Get SALT Encoding   

  12  0:00  Probe  
  13  0:12  Probe  
  14  0:21  Pylon  
  14  0:27  Probe  
  15  0:40  Forge  
  15  0:41  Probe  
  16  0:53  Probe  
  17  1:07  Probe  
  18  1:17  Nexus  
  18  1:20  Probe  
  19  1:27  Assimilator  
  19  1:32  Probe  
  20  1:44  Probe  
  21  1:47  Photon Cannon  
  21  1:55  Gateway  
  21  2:01  Pylon  
  21  2:03  Probe  
  22  2:10  Assimilator  
  22  2:15  Probe  
  22  2:24  Gateway  
  22  2:27  Probe x2  
  22  2:35  Probe x2  
  26  2:47  Photon Cannon  
  28  3:00  Probe x2  
  30  3:07  Pylon  
Tags
 
Add a new tag
Caveats
  • Supply blocks, unpowered buildings, or Contaminate may cause inaccurate times.
  • Supply counts are checked every 10 seconds.